 Dungeon Crawl Stone Soup version 0.28.0-53-g5a82cb258f (webtiles) character file.

Game seed: 13180924314487776930

230 AuftragZ the Conjurer (level 5, -12/21 HPs)
             Began as a Felid Conjurer on May 23, 2022.
             Mangled by a wyvern (16 damage)
             ... on level 5 of the Dungeon.
             The game lasted 00:13:02 (4746 turns).

AuftragZ the Conjurer (Felid Conjurer)              Turns: 4746, Time: 00:13:03

Health: -12/21     AC:  6    Str:  3    XL:     5   Next: 72%
Magic:  7/12       EV: 17    Int: 22    God:
Gold:   196        SH:  0    Dex: 14    Spells: 9/12 levels left
                                        Lives:  0   Deaths: 1

rFire   . . .      SeeInvis +   (weapon unavailable)
rCold   . . .      Faith    .   (shield unavailable)
rNeg    . . .      Spirit   .   (armour unavailable)
rPois   .          Reflect  .   (helmet unavailable)
rElec   .          Harm     .   (cloak unavailable)
rCorr   .          Rampage  .   (gloves unavailable)
Will    .....                   (boots unavailable)
Stlth   ++........              (no amulet)
HPRegen 0.07/turn               b - +4 ring of protection
MPRegen 0.13/turn               a - ring of wizardry

@: quick
A: very small, claws 1, fangs 3, see invisible, speed 1, shaggy fur 2, stealthy
paws, no weapons or thrown items, no armour, multi-lived
a: no special abilities


You were on level 5 of the Dungeon.
You visited 1 branch of the dungeon, and saw 5 of its levels.

You collected 196 gold pieces.

Inventory:

Jewellery
 a - a ring of wizardry (right paw)
 b - a +4 ring of protection (left paw)
 f - a ring of protection from fire
Wands
 n - a wand of iceblast (9)
Scrolls
 c - a scroll of holy word
 e - a scroll of immolation {unknown}
 g - a scroll of magic mapping {unknown}
 h - a scroll of enchant weapon {unknown}
 k - a scroll of torment {unknown}
 l - a scroll of fear {unknown}
 m - a scroll of fog {unknown}
 o - a scroll of enchant armour {unknown}
Potions
 d - a potion of haste
 i - a potion of berserk rage
 j - a potion of lignification


   Skills:
 + Level 2.9 Dodging
 + Level 3.4 Stealth
 + Level 0.3 Unarmed Combat
 * Level 4.4 Spellcasting
 * Level 5.8 Conjurations


You had 9 spell levels left.
You knew the following spells:

 Your Spells              Type           Power      Damage    Failure   Level
a - Magic Dart            Conj           100%       1d8       1%          1
b - Searing Ray           Conj           60%        2d6       1%          2

Your spell library contained the following spells:

 Spells                   Type           Power      Damage    Failure   Level
 Dazzling Flash           Conj/Hex       34%        N/A       4%          3
 Fulminant Prism          Conj/Hex       8%         3d7       13%         4
 Iskenderun's Mystic Bla  Conj/Tloc      17%        2d5       13%         4


Dungeon Overview and Level Annotations

Branches:
Dungeon (5/15)
 Temple: D:4-7

Altars:
Dithmenos
Elyvilon

Shops:
D:3 [


Innate Abilities, Weirdness & Mutations

You have sharp claws.
You have razor-sharp teeth.
You have supernaturally acute eyesight. (SInv)
You cover ground quickly. (Speed+)
You are covered in thick fur. (AC +2)
Your paws help you pounce on unaware monsters.
You are incapable of wielding weapons or throwing items.
You cannot wear armour.
You gain extra lives every three experience levels.


Message History

(Press . to maintain the ray.)
The searing ray hits Ijyb!
You kill Ijyb!
n - a wand of iceblast (9)
Things that are here:
a +0 club; a +0 leather armour of cold resistance
o - a scroll labelled SAIS APUTI An orc comes into view.
It is wielding a +0 war axe.
Casting: Searing Ray (safe; 1% risk of failure)
Confirm with . or Enter, or press ? or * to list all spells.
Aiming: Magic Dart (safe; 1% risk of failure)
Press: ? - help, Shift-Dir - straight line, f - orc
Aim: an orc, wielding a +0 war axe (asleep, 100% to hit)
The magic dart hits the orc!
You kill the orc!
You see here a +0 war axe.
A wyvern is nearby!
A water moccasin comes into view.
The wyvern hisses angrily.
Casting: Magic Dart (safe; 1% risk of failure)
Confirm with . or Enter, or press ? or * to list all spells.
Aiming: Searing Ray (safe; 1% risk of failure)
Press: ? - help, Shift-Dir - straight line, f - wyvern
Aim: a wyvern (79% to hit)
The searing ray hits the wyvern but does no damage. (Press . to maintain the ray.)
The searing ray hits the wyvern.
The wyvern is moderately wounded.
The searing ray hits the wyvern!
The wyvern is heavily wounded.
The wyvern bites you. The wyvern bites you!
Ouch! That really hurt!
* * * LOW HITPOINT WARNING * * *
The searing ray hits the wyvern.
The wyvern is severely wounded.
You finish channelling your searing ray.
The wyvern closely misses you. The wyvern bites you!
Ouch! That really hurt!
You die...

.#..#............#...##
...###..........##.#.#
...#.........##...##.##
.........#...##.......##
.............##........####
.............##........##.##
#....................#...#
#.........##.............###
............###.@............##
.............#..l...<.........##
...##.......###...........#....##
.S .....###...............#.....#
. ......# #.....#........#.....##
....?..# ......#..#.....#.#####
........ .........#<.....##.#
...................###
..................##


You could see a wyvern.

Vanquished Creatures
  An ogre (D:4)
  3 orc priests (D:3)
  Ijyb (D:5)
  An iguana (D:3)
  A howler monkey zombie (D:5)
  3 gnolls (D:3)
  4 adders
  An adder skeleton (D:4)
  3 worms
  3 dart slugs
  12 orcs
  7 ball pythons
  9 bats
  8 endoplasms
  2 giant cockroaches (D:3)
  7 goblins
  7 hobgoblins
  9 kobolds
  5 quokkas
  2 frilled lizards
  8 rats
97 creatures vanquished.

Notes
Turn   | Place    | Note
-------+----------+-------------------------------------------
     0 | D:1      | AuftragZ the Felid Conjurer began the quest for the Orb.
     0 | D:1      | Reached XP level 1. HP: 7/7 MP: 4/4
   203 | D:1      | Reached XP level 2. HP: 11/11 MP: 3/6
   206 | D:1      | Learned a level 2 spell: Searing Ray
   335 | D:1      | Reached skill level 4 in Conjurations
   961 | D:1      | Reached XP level 3. HP: 14/14 MP: 4/7
  1790 | D:2      | Reached XP level 4. HP: 18/18 MP: 3/9
  2545 | D:3      | Reached skill level 5 in Conjurations
  2636 | D:3      | Found a faded altar of an unknown god.
  2663 | D:3      | Reached XP level 5. HP: 14/21 MP: 10/10
  2750 | D:3      | Noticed an eye of devastation
  2751 | D:3      | Noticed a floating eye
  2751 | D:3      | Noticed a great orb of eyes
  2751 | D:3      | Noticed a great orb of eyes
  2905 | D:3      | Found a shadowy altar of Dithmenos.
  2908 | D:3      | Found Qeomin's Armour Boutique.
  3240 | D:3      | Gained mutation: You are covered in thick fur. (AC +2)
                  | [Felid growth]
  3240 | D:3      | Reached XP level 6. HP: 24/24 MP: 9/12
  4104 | D:4      | Found a white marble altar of Elyvilon.
  4411 | D:5      | Entered Level 5 of the Dungeon
  4411 | D:5      | Noticed a wyvern
  4623 | D:5      | Shot with an arrow by a centaur
  4624 | D:5      | Reached XP level 5. HP: -7/21 MP: 8/12
  4645 | D:5      | Noticed Ijyb
  4651 | D:5      | Killed Ijyb
  4728 | D:5      | Noticed a water moccasin
  4746 | D:5      | Mangled by a wyvern

Illustrated notes

Levels and vault maps discovered:
D:1:      amcnicky_arrival_blooded_trapdoor, layout_loops_corners
D:2:      layout_loops_ring
D:3:      cheibrodos_pilgrimage, layout_rooms, nicolae_dithmenos_the_darkroom,
          hellmonk_ecumenical_altar_watching_god, serial_shops, shop
D:4:      layout_gridville, nicolae_elyvilon_peaceful_grove,
          kennysheep_generic_room_12
D:5:      layout_cave_pools, uniq_ijyb

Skill      XL: |  1  2  3  4  5  6 |
---------------+-------------------+-----
Conjurations   | 4 5 |  5.8
Spellcasting   | 3 4 |  4.4
Stealth        | 3 |  3.4
Dodging        | |  2.9
Unarmed Combat | |  0.3

Action                   |  1- 3 |  4- 6 || total
-------------------------+-------+-------++-------
Melee: Unarmed           |       |    14 ||    14
       Bite              |       |     3 ||     3
       Punch             |       |     1 ||     1
 Cast: Magic Dart        |    48 |    63 ||   111
       Searing Ray       |    14 |    24 ||    38
  Use: Scroll            |       |     5 ||     5
       Potion            |       |     1 ||     1
Armor: Skin              |     1 |     4 ||     5
Dodge: Dodged            |     3 |    35 ||    38
